 Dungeon Crawl Stone Soup version 0.29.1-15-g9cfb28693d (webtiles) character file.

Game seed: 12723661897416973198

32 pokedragonboy the Conjurer (level 3, -5/19 HPs)
             Began as a Deep Elf Conjurer on Mar 16, 2023.
             Slain by a gnoll
             ... wielding a +0 halberd
              (9 damage)
             ... on level 1 of the Dungeon.
             The game lasted 00:01:55 (1410 turns).

pokedragonboy the Conjurer (Deep Elf Conjurer)      Turns: 1410, Time: 00:01:56

Health: -5/19      AC:  2    Str:  4    XL:     3   Next: 8%
Magic:  10/10      EV: 12    Int: 24    God:
Gold:   8          SH:  0    Dex: 13    Spells: 6/9 levels left

rFire   . . .      SeeInvis .   d - +0 short sword
rCold   . . .      Faith    .   (no shield)
rNeg    . . .      Spirit   .   a - +0 robe
rPois   .          Reflect  .   (no helmet)
rElec   .          Harm     .   (no cloak)
rCorr   .          Rampage  .   (no gloves)
Will    .....                   (no boots)
Stlth   ++........              (no amulet)
HPRegen 0.06/turn               (no ring)
MPRegen 0.12/turn               (no ring)

@: no status effects
A: no striking features
a: no special abilities


You were on level 1 of the Dungeon.
You visited 1 branch of the dungeon, and saw 2 of its levels.

You collected 8 gold pieces.

Inventory:

Hand Weapons
 d - a +0 short sword (weapon)
Armour
 a - a +0 robe (worn)
Scrolls
 c - a scroll of magic mapping {unknown}
 e - a scroll of identify {unknown}
 h - a scroll of vulnerability {unknown}
 i - 2 scrolls of enchant armour {unknown}
Potions
 b - a potion of magic
 f - a potion of heal wounds {unknown}
 g - a potion of ambrosia {unknown}
 j - a potion of attraction {unknown}


   Skills:
 - Level 3.0 Dodging
 - Level 3.1 Stealth
 + Level 3.5 Spellcasting
 + Level 4.7 Conjurations
 + Level 0.1 Hexes


You had 6 spell levels left.
You knew the following spells:

 Your Spells              Type           Power      Damage    Failure   Level
a - Magic Dart            Conj           100%       1d8       1%          1
b - Searing Ray           Conj           52%        2d6       2%          2

Your spell library contained the following spells:

 Spells                   Type           Power      Damage    Failure   Level
 Dazzling Flash           Conj/Hex       30%        N/A       12%         3
 Fulminant Prism          Conj/Hex       7%         3d7       36%         4
 Iskenderun's Mystic Bla  Conj/Tloc      15%        2d5       36%         4


Dungeon Overview and Level Annotations

Branches:
Dungeon (2/15)

Altars:


Message History

Aim: a kobold, wielding a +0 dagger (severely wounded, 100% to hit)
The magic dart hits the kobold.
You kill the kobold!
There is an open door here.
Things that are here:
a +0 dagger; a kobold corpse
j - a grey potion
There is an open door here.
You open the door.
There is an open door here.
Things that are here:
a +0 dagger; a kobold corpse You open the door.
Things that are here:
a +0 dagger; a kobold corpse
There is an open door here.
There is an open door here.
There is an open door here.
There is an open door here.
You see here a +0 spear.
You see here a +0 spear.
Done exploring.
(D) Dungeon
Where to? (? - help)
There is an open door here.
You see here a +0 mace.
There is a stone staircase leading down here.
You climb downwards.
The gnoll shouts! x3
Found a lumpy pink potion.
There is a stone staircase leading up here.
There are monsters nearby!
The gnoll hits you with a +0 flail.
You climb upwards.
There is a stone staircase leading down here.
The gnoll hits you from afar with a +0 halberd.
The gnoll hits you with a +0 flail!
* * * LOW HITPOINT WARNING * * *
The gnoll hits you with a +0 halberd!
You die...

# #.###.#########.# ###
#.....# #.# ..# ##'#### #.#
#.# ##...## #†# ..##
##.....## ####.##
#..######.......## ##.#...##
.......#.........####.......#
.......'......gg.'.........##
.....#.#..)....>@####...#.##
...#.#.##......g## ##.##.#
.....#.###.....## ####.###
.....#.# ##...## #......#
.##.##.# ##'## #.##.#.#
.......# #.# #.##.#.#
###.#### #.# #.##.#.# #.#
#####.## #......# #.#
#...÷..###########.###


You could see 3 gnolls.

Vanquished Creatures
  2 dart slugs (D:1)
  4 ball pythons (D:1)
  4 bats (D:1)
  An endoplasm (D:1)
  3 giant cockroaches (D:1)
  2 goblins (D:1)
  4 hobgoblins (D:1)
  2 kobolds (D:1)
  A frilled lizard (D:1)
23 creatures vanquished.

Notes
Turn   | Place    | Note
-------+----------+-------------------------------------------
     0 | D:1      | pokedragonboy the Deep Elf Conjurer began the quest for the
                  | Orb.
     0 | D:1      | Reached XP level 1. HP: 10/10 MP: 6/6
   230 | D:1      | Reached XP level 2. HP: 15/15 MP: 5/8
   233 | D:1      | Learned a level 2 spell: Searing Ray
   988 | D:1      | Reached XP level 3. HP: 19/19 MP: 7/10
  1410 | D:1      | Slain by a gnoll

Illustrated notes

Levels and vault maps discovered:
D:1:      dpeg_arrival_erosion, layout_loops_corners
D:2:      layout_basic, ebering_ecumenical_altar_sacrificial, uniq_natasha,
          uniq_terence

Skill      XL: |  1  2 |
---------------+-------+-----
Stealth        | 3 |  3.1
Dodging        | 3 |  3.0
Spellcasting   | |  3.5
Conjurations   | |  4.7
Hexes          | |  0.1

Action                   || total
-------------------------++-------
 Cast: Magic Dart        ||    53
Dodge: Dodged            ||     4
